AoeStats
← HerpesLabialis

Black Forest

505444933Analyzed
2v2 RM · 24d ago on Sep 9, 2026· 50m 27s· 4 players
Game mode
Random Map
Map size
Medium (4 player)
Population
200
Speed
Normal
Resources
Standard
Victory
Conquest
Starting age
Dark Age
Ending age
Imperial Age
RankedLock teamsTeams togetherTeam positionsShared explorationLock speedFull tech treeHidden civsTurbo modeCheats
Victory
Defeat
🇨🇳 Persians · China
776
+13
🇨🇳 Byzantines · China
699
+16
🇮🇳 Persians · India
769
-17
🇳🇱 Malians · Netherlands
652
-12
伐木王
0:38 Loom
12:26 Feudal Age
13:08 Double-Bit Axe
13:16 Horse Collar
16:16 Gold Mining
18:52 Wheelbarrow
21:19 Castle Age
23:14 Bow Saw
23:07 Heavy Plow
29:04 Gold Shaft Mining
28:20 Stone Mining
28:26 Stone Mining
29:52 Hand Cart
32:52 Imperial Age
30:38 Treadmill Crane
31:14 Fortified Wall
31:24 Caravan
33:48 Stone Shaft Mining
34:07 Crop Rotation
34:42 Two-Man Saw
36:14 Conscription
36:04 Scale Barding Armor
36:09 Forging
35:25 Elite Cataphract
38:20 Logistica
39:50 Chain Barding Armor
40:05 Iron Casting
42:32 Husbandry
45:30 Plate Barding Armor
49:10 Chemistry
郁金香没你香
3:38 Loom
10:39 Feudal Age
11:20 Double-Bit Axe
11:18 Horse Collar
20:01 Castle Age
19:53 Gold Mining
20:09 Stone Mining
23:02 Wheelbarrow
24:13 Hand Cart
24:31 Bow Saw
24:45 Heavy Plow
28:01 Town Watch
29:30 Stone Shaft Mining
29:34 Gold Shaft Mining
30:31 Devotion
33:07 Imperial Age
30:40 Town Patrol
30:42 Caravan
30:55 Fletching
32:05 Kamandaran
34:31 Two-Man Saw
34:03 Crop Rotation
34:16 Conscription
33:59 Elite War Elephant
34:12 Elite War Elephant
35:06 Thumb Ring
34:21 Crossbowman
35:20 Capped Ram
36:27 Siege Ram
37:24 Bodkin Arrow
37:29 Padded Archer Armor
37:40 Forging
37:35 Scale Barding Armor
41:00 Iron Casting
40:46 Chain Barding Armor
40:41 Leather Archer Armor
43:13 Blast Furnace
44:57 Plate Barding Armor
44:56 Ring Archer Armor
HerpesLabialis
0:33 Loom
14:43 Feudal Age
15:19 Horse Collar
17:03 Wheelbarrow
16:20 Double-Bit Axe
17:38 Town Watch
20:36 Gold Mining
20:36 Stone Mining
24:22 Castle Age
24:53 Fletching
25:19 Bow Saw
25:15 Heavy Plow
26:01 Gold Shaft Mining
26:08 Stone Shaft Mining
26:45 Forging
26:31 Arson
27:45 Hand Cart
29:05 Squires
28:27 Man-at-Arms
28:27 Pikeman
30:23 Fortified Wall
30:37 Ballistics
30:28 Masonry
31:02 Tigui
36:09 Imperial Age
34:02 Husbandry
34:06 Elite Skirmisher
34:56 Caravan
34:45 Treadmill Crane
38:06 Elite Gbeto
39:11 Conscription
40:02 Farimba
40:12 Heavy Camel Rider
43:05 Scale Barding Armor
43:37 Iron Casting
43:04 Padded Archer Armor
44:59 Chain Barding Armor
47:31 Plate Barding Armor
46:54 Bodkin Arrow
49:38 Bloodlines
Rudhra_6577
2:10 Loom
11:53 Feudal Age
19:06 Castle Age
21:37 Horse Collar
21:48 Stone Mining
21:48 Gold Mining
21:46 Double-Bit Axe
28:32 Wheelbarrow
27:43 Town Watch
32:58 Imperial Age
31:07 Heavy Plow
31:23 Bow Saw
31:27 Caravan
32:16 Hand Cart
33:05 Kamandaran
32:30 Pikeman
33:10 Squires
32:55 Gambesons
33:41 Conscription
32:51 Light Cavalry
33:31 Husbandry
34:41 Crop Rotation
35:12 Two-Man Saw
34:40 Ballistics
35:15 Forging
35:11 Scale Barding Armor
36:10 Stone Shaft Mining
36:12 Gold Shaft Mining
35:25 Onager
38:28 Chemistry
37:10 Halberdier
38:44 Iron Casting
38:29 Chain Barding Armor
38:10 Scale Mail Armor
38:07 Crossbowman
38:52 Thumb Ring
40:40 Bloodlines
42:18 Chain Mail Armor
Connection lost

Rejoining the realm…

Still unreachable

The connection could not be restored.

Session expired

The server has moved on; the page needs a fresh start.